 Dungeon Crawl Stone Soup version 0.24.0-28-g17ded55e90 (webtiles) character file.

Game seed: 13213485703796499287, levelgen mode: deterministic

173 Delamore the Chopper (level 5, -9/45 HPs)
             Began as a Hill Orc Fighter on Nov 13, 2019.
             Was an Initiate of Okawaru.
             Killed by nerve-wracking pain
             ... invoked by Menkaure
              (14 damage)
             ... on level 4 of the Dungeon.
             The game lasted 00:03:58 (2445 turns).

Delamore the Chopper (Hill Orc Fighter)             Turns: 2445, Time: 00:03:58

Health: -9/45      AC: 15    Str: 20    XL:     5   Next: 53%
Magic:  5/5        EV:  3    Int:  5    God:    Okawaru [......]
Gold:   67         SH:  9    Dex: 13    Spells: 4/4 levels left

rFire    . . .     SeeInvis .   a - +0 war axe
rCold    . . .     Gourm    .   c - +0 shield
rNeg     . . .     Faith    .   i - +0 plate armour
rPois    .         Spirit   .   (no helmet)
rElec    .         Reflect  .   h - +0 cloak
rCorr    .         Harm     .   r - +2 pair of gloves {Dex+3}
MR       .....                  (no boots)
Stlth    ..........             (no amulet)
HPRegen  0.15/turn              m - -3 ring of intelligence (curse)
MPRegen  0.09/turn              (no ring)

@: glowing
A: no striking features
a: Renounce Religion


You were on level 4 of the Dungeon.
You worshipped Okawaru.
Okawaru was noncommittal.
You were not hungry.

You visited 1 branch of the dungeon, and saw 4 of its levels.

You collected 67 gold pieces.

Inventory:

Hand Weapons
 a - a +0 war axe (weapon)
Armour
 b - a +0 scale mail
 c - a +0 shield (worn)
 h - a +0 cloak (worn)
 i - a +0 plate armour (worn)
 j - a +0 pair of gloves
 r - a +2 pair of gloves of dexterity (worn)
Jewellery
 m - a cursed -3 ring of intelligence (left hand)
 s - an uncursed ring of stealth {unknown}
 t - a cursed ring of attention {unknown}
Wands
 l - a wand of flame (6)
Scrolls
 e - 4 scrolls of identify
 g - a scroll of enchant armour
 k - a scroll of fear
 n - a scroll of blinking
 o - a scroll of teleportation
 u - a scroll of amnesia {unknown}
 v - a scroll of immolation {unknown}
Potions
 d - 2 potions of might
 p - a potion of agility
 q - a potion of degeneration
Comestibles
 f - 4 rations


   Skills:
 - Level 3.6 Fighting
 + Level 7.4 Axes
 - Level 3.2 Armour
 - Level 3.2 Shields


You had 4 spell levels left.
You didn't know any spells.
Your spell library was empty.

Dungeon Overview and Level Annotations

Branches:
Dungeon (4/15)
 Temple: D:4-7

Altars:
Cheibriados
Dithmenos
Okawaru
Ru
Trog
Uskayaw

Annotations:
D:4 Dowan, Duvessa, Menkaure


Message History

The orc priest threatens, "By the altar or by the axe, you will meet Beogh!" (press Y on the ability menu to convert to Beogh)
You hear a shout!
Menkaure calls on the powers of darkness!
Your body is wracked with pain!
Duvessa convulses!
Menkaure points at you and mumbles some strange words.
Pain shoots through your body!
* * * LOW HITPOINT WARNING * * *
Found a scroll labeled VASAESHR KARPHUO.
Menkaure calls on the powers of darkness!
Your body is wracked with pain!
* * * LOW HITPOINT WARNING * * *
Menkaure rustles in an indecipherable tongue.
Menkaure calls on the powers of darkness!
Duvessa convulses!
Your body is wracked with pain!
* * * LOW HITPOINT WARNING * * *
Menkaure rustles drily.
Menkaure points at you and mumbles some strange words.
Pain shoots through your body!
You die...

#.#
..#o.
#e###..#
#...e..#
####e#.#
#M# .#
#.# ..
#.# ##
#.# #@#
#.# #.#
#?. ###


You could see Duvessa, Menkaure and Dowan.

Vanquished Creatures
  Ijyb (D:3)
  8 adders
  An ooze (D:2)
  A worm (D:2)
  2 dart slugs
  A leopard gecko (D:2)
  2 orcs (D:3)
  3 bats
  2 giant cockroaches
  10 goblins
  7 hobgoblins
  5 jackals
  2 quokkas
  A ball python (D:1)
  3 frilled lizards
  9 kobolds
  6 rats
64 creatures vanquished.

Notes
Turn   | Place    | Note
-------+----------+-------------------------------------------
     0 | D:1      | Delamore the Hill Orc Fighter began the quest for the Orb.
     0 | D:1      | Reached XP level 1. HP: 19/19 MP: 1/1
    36 | D:1      | Reached skill level 3 in Axes
    75 | D:1      | Reached XP level 2. HP: 24/26 MP: 2/2
   126 | D:1      | Reached skill level 4 in Axes
   438 | D:1      | Reached XP level 3. HP: 31/31 MP: 3/3
   642 | D:2      | Found a shadowy altar of Dithmenos.
   658 | D:2      | Reached skill level 5 in Axes
   853 | D:2      | Reached XP level 4. HP: 39/39 MP: 4/4
   953 | D:2      | Reached skill level 6 in Axes
  1178 | D:3      | Reached XP level 5. HP: 38/45 MP: 5/5
  1571 | D:3      | Noticed Ijyb
  1601 | D:3      | Killed Ijyb
  1601 | D:3      | Reached skill level 7 in Axes
  1843 | D:3      | Found a sacrificial altar of Ru.
  1846 | D:3      | Found a hide-covered altar of Uskayaw.
  1849 | D:3      | Found a snail-covered altar of Cheibriados.
  1852 | D:3      | Found an iron altar of Okawaru.
  1873 | D:3      | Became a worshipper of Warmaster Okawaru
  1961 | D:3      | Found a bloodstained altar of Trog.
  2427 | D:4      | Noticed Menkaure
  2427 | D:4      | Noticed Duvessa
  2427 | D:4      | Noticed Dowan
  2445 | D:4      | Killed from afar by Menkaure

Levels and vault maps discovered:
D:1:      dpeg_arrival_orchard, layout_loops_ring
D:2:      layout_rooms, grunt_dithmenos_smoke
D:3:      layout_basic, bloody_trog, grunt_temple_overflow_cloverleaf,
          kennysheep_decorative_pillar, minmay_cut_off, uniq_ijyb
D:4:      cheibrodos_pilgrimage, layout_basic, uniq_pikel, uniq_menkaure,
          uniq_duvessa

Skill      XL: |  1  2  3  4  5 |
---------------+----------------+-----
Axes           | 3 4 5 6 7 |  7.4
Fighting       | |  3.6
Armour         | |  3.2
Shields        | |  3.2

Action                   |  1- 3 |  4- 6 || total
-------------------------+-------+-------++-------
Melee: War axe           |    87 |   129 ||   216
  Use: Scroll            |       |     5 ||     5
       Potion            |       |     1 ||     1
  Eat: Chunk             |       |     5 ||     5
Armor: Scale mail        |    24 |       ||    24
       Plate armour      |    16 |    82 ||    98
Dodge: Dodged            |    16 |    25 ||    41
Block: Shield            |    37 |    56 ||    93
